 Dungeon Crawl Stone Soup version 0.31-a0-664-g902f515a81 (webtiles) character file.

Game seed: 17823085884303771346

412 cforsyth the Trooper (level 7, -3/54 HPs)
             Began as a Djinni Cinder Acolyte on Sept 3, 2023.
             Was a High Priest of Ignis.
             Slain by a gnoll
             ... wielding a +0 whip
              (8 damage)
             ... on level 4 of the Dungeon.
             The game lasted 00:04:16 (3380 turns).

cforsyth the Trooper (Djinni Cinder Acolyte)        Turns: 3380, Time: 00:04:17

Health: -3/54      AC:  2    Str: 13    XL:     7   Next: 14%
Gold:   182        EV: 11    Int: 18    God:    Ignis [*****.] SH:  0 Dex:  8

rFire   + + +        a - -1 falchion (flame)
rCold   x . .        (no shield)
rNeg    . . .        b - +0 robe
rPois   ∞            (no helmet)
rElec   .            (no cloak)
rCorr   .            (no gloves)
SInv    .            (boots unavailable)
Will    .....        (no amulet)
Stlth   +            (no ring)
HPRegen 0.29/turn    (no ring)
MPRegen 0.00/turn

%: infuse magic (-4 HP)
@: flying
A: sickness immunity, fire resistance 2, cold vulnerability 1, float, innate
caster, HP casting, extra vitality 1
a: Renounce Religion, Fiery Armour, Foxfire Swarm, Rising Flame


You were on level 4 of the Dungeon.
You worshipped Ignis.
Ignis was extremely pleased with you.
You visited 1 branch of the dungeon, and saw 4 of its levels.

You collected 182 gold pieces.

Inventory:

Hand Weapons
 a - a -1 falchion of flaming (weapon)
Armour
 b - a +0 robe (worn)
Jewellery
 o - a ring of see invisible
Scrolls
 c - a scroll of enchant armour {unknown}
 d - 2 scrolls of teleportation {unknown}
 g - a scroll of revelation {unknown}
 h - 2 scrolls of identify {unknown}
 i - a scroll of enchant weapon {unknown}
 k - a scroll of fog {unknown}
 m - a scroll of silence {unknown}
 p - a scroll of acquirement {unknown}
Potions
 e - a potion of might {unknown}
 f - a potion of curing {unknown}
 j - 2 potions of lignification {unknown}
 l - a potion of degeneration {unknown}
 n - a potion of mutation {unknown}


   Skills:
 + Level 5.1 Fighting
 + Level 4.6 Long Blades
 + Level 3.5 Spellcasting
 + Level 3.5 Conjurations
 + Level 3.5 Hexes
 + Level 3.5 Summonings
 + Level 3.5 Necromancy
 + Level 3.5 Translocations
 + Level 3.5 Transmutations
 + Level 3.5 Fire Magic
 + Level 3.5 Ice Magic
 + Level 3.5 Air Magic
 + Level 3.5 Earth Magic
 + Level 3.5 Poison Magic


You knew the following spells:

 Your Spells              Type           Power      Damage    Failure   Level
a - Scorch                Fire           30%        2d6       5%          2
b - Freeze                Ice            60%        1d7       3%          1
c - Call Imp              Summ           30%        N/A       5%          2
d - Mephitic Cloud        Conj/Pois/Air  15%        N/A       11%         3
Your spell library was empty.

Dungeon Overview and Level Annotations

Branches:
Dungeon (4/15)             Temple (0/1) D:4

Altars:
Qazlal

Shops:
D:1 =

Annotations:
D:4 Pikel


Innate Abilities, Weirdness & Mutations

You are immune to sickness and miasma.
You are immune to poison.
Your flesh is very heat resistant. (rF++)
You are vulnerable to cold. (rC-)
You float through the air rather than walking.
You learn spells naturally, not from books.
Your magical power is your life essence.
You have superior vitality. (+4 MHP)


Message History

You kill the orc!
You can't see any susceptible monsters within range! (Use Z to cast anyway.) HP restored.
h - 2 scrolls labelled MAUSHO MOQAHATT (gained 1)
A gnoll comes into view. It is wielding a +0 whip.
A gnoll is nearby!
A gnoll is nearby!
A gnoll is nearby!
A gnoll comes into view.
It is wielding a +1 whip of electrocution.
The gnoll shouts! x2; You hear a shout! x4
An orc comes into view. It is wielding a +0 hand axe.
The orc shouts!
An orc comes into view. It is wielding a +0 mace.
Flames lash the gnoll.
The gnoll is moderately wounded.
The gnoll's fire resistance burns away.
The gnoll hits you with a +1 whip of electrocution.
You are electrocuted!
An orc comes into view. It is wielding a +0 mace.
An orc comes into view. It is wielding a +0 trident.
Flames lash the gnoll.
The gnoll is severely wounded.
The gnoll's fire resistance burns away.
The orc shouts!
The gnoll hits you with a +0 whip.
The gnoll hits you with a +1 whip of electrocution.
You are electrocuted!
* * * LOW HITPOINT WARNING * * *
You are too injured to fight recklessly!
You are too injured to fight recklessly!
A gnoll comes into view. It is wielding a +0 whip.
The gnoll shouts!
The gnoll hits you but does no damage.
Casting: Scorch (safe; 5% risk of failure)
Confirm with . or Enter, or press ? or * to list all spells.
A tiny devil pulls itself out of the air.
* * * LOW HITPOINT WARNING * * *
The gnoll is no longer more vulnerable to fire.
The gnoll hits you with a +0 whip!
You die...

.#.# #. ....
####. .... ...[..
#.. ...... #.#
######
...######.#####
..
.o..o...gg....#
##
oo.#####g.....# #
#.@......#.#.#
#.##5....'...
#.##.....###.#
#.##†..)))...#
..##.##.#######.#
#....##.####
#........#
##......<#
#.......####.#.


You could see 3 gnolls and a friendly cerulean imp (summoned).

Vanquished Creatures
  Sigmund (D:3)
  An ogre (D:4)
  An iguana (D:4)
  Terence (D:3)
  6 adders
  3 dart slugs
  4 orcs
  7 ball pythons
  5 endoplasms
  4 giant cockroaches
  4 hobgoblins
  2 jackals (D:3)
  4 kobolds
  4 bats
  8 frilled lizards
  7 goblins
  2 rats
64 creatures vanquished.

Notes
Turn   | Place    | Note
-------+----------+-------------------------------------------
     0 | D:1      | cforsyth the Djinni Cinder Acolyte began the quest for the
                  | Orb.
     0 | D:1      | cforsyth set off with the following spells memorised:
                  | Scorch.
     0 | D:1      | Reached XP level 1. HP: 20/20 MP: 0/0
   151 | D:1      | Found Fogan's Jewellery Boutique.
   249 | D:1      | Reached XP level 2. HP: 25/25 MP: 0/0
   832 | D:2      | Reached XP level 3. HP: 26/30 MP: 0/0
   832 | D:2      | Learned a level 1 spell: Freeze
  1141 | D:2      | Found a faded altar of an unknown god.
  1767 | D:3      | Noticed Terence
  1768 | D:3      | Reached XP level 4. HP: 28/36 MP: 0/0
  1776 | D:3      | Killed Terence
  1925 | D:3      | Found a stormy altar of Qazlal.
  1926 | D:3      | Noticed Sigmund
  1940 | D:3      | Killed Sigmund
  1941 | D:3      | Reached skill level 4 in Fighting
  1941 | D:3      | Reached XP level 5. HP: 32/42 MP: 0/0
  1941 | D:3      | Learned a level 2 spell: Call Imp
  1941 | D:3      | Reached XP level 6. HP: 37/48 MP: 0/0
  2694 | D:4      | Noticed an ogre
  2702 | D:4      | Killed an ogre
  2756 | D:4      | Found a staircase to the Ecumenical Temple.
  2775 | D:4      | Reached XP level 7. HP: 31/53 MP: 0/0
  2775 | D:4      | Learned a level 3 spell: Mephitic Cloud
  3001 | D:4      | Reached skill level 5 in Fighting
  3040 | D:4      | Noticed Pikel
  3380 | D:4      | Slain by a gnoll

Illustrated notes

Levels and vault maps discovered:
D:1:      lemuel_arrival_room, layout_loops_ring, serial_shops, shop_fountains
D:2:      layout_loops_ring, chequers_ecumenical_altar_lobes
D:3:      layout_loops_ring, chequers_temple_overflow_statue_of_worship,
          uniq_sigmund, uniq_terence
D:4:      layout_basic, minmay_temple_entry_arrows, uniq_pikel

Skill      XL: |  1  2  3  4  5  6  7 |
---------------+----------------------+-----
Long Blades    | 3 4 |  4.6
Fighting       | 4 5 |  5.1
Spellcasting   | 3 |  3.5
Conjurations   | 3 |  3.5
Hexes          | 3 |  3.5
Summonings     | 3 |  3.5
Necromancy     | 3 |  3.5
Translocations | 3 |  3.5
Transmutations | 3 |  3.5
Fire Magic     | 3 |  3.5
Ice Magic      | 3 |  3.5
Air Magic      | 3 |  3.5
Earth Magic    | 3 |  3.5
Poison Magic   | 3 |  3.5

Action                     |  1- 3 |  4- 6 |  7- 9 || total
---------------------------+-------+-------+-------++-------
  Melee: Falchion          |    84 |     6 |       ||    90
   Cast: Scorch            |    21 |    32 |    21 ||    74
         Call Imp          |       |     2 |     3 ||     5
   Stab: Sleeping          |     1 |       |       ||     1
 Armour: Robe              |    39 |    12 |    11 ||    62
  Dodge: Dodged            |    57 |    12 |     2 ||    71

Table legend: (Time is in decaauts)
 A = Elapsed time spent in this place.
 B = Non-inter-level travel time spent in this place.
 C = Inter-level travel time spent in this place.
 D = Time resting spent in this place.
 E = Time spent auto-exploring this place.
 F = Levels seen in this place.
 G = Mean time per level.
                   A        B        C        D        E       F      G
               +--------+--------+--------+--------+--------+-----+--------+
         Total |   3393 |   3326 |     67 |    175 |   2688 |   4 |  848.2 |
       Dungeon |   3393 |   3326 |     67 |    175 |   2688 |   4 |  848.2 |
               +--------+--------+--------+--------+--------+-----+--------+

Top non-repeatable levels by time:
     D:3: 1167 daAuts
     D:2: 906 daAuts
     D:1: 778 daAuts
     D:4: 540 daAuts
